General information
- name: BNet
- type: Ladder team game (AT/RT)
- host: Battle.net
- saver: SlickMick
map: TwilightRuins
- players: 8
- length: 26:36
- speed: Fast
- version: 1.26 W3XP
- replay type: Public
» download(159 KB)
Players
team 1 (winner)

»
Vettro (
yellow | 62 APM | 1039 actions | 16:49)
2 Mountain King
1 Storm Bolt
1 Bash
3 Dreadlord
1 Vampiric Aura
2 Sleep
2 Archmage
1 Summon Water Elemental
1 Brilliance Aura
» actions
| Assign group hotkey | 13 | |
| Basic commands | 12 | |
| Build / train | 98 | |
| Enter build submenu | 34 | |
| Enter hero's abilities submenu | 7 | |
| Remove unit from queue | 4 | |
| Right click | 491 | |
| Select / deselect | 244 | |
| Select group hotkey | 40 | |
| Use ability | 96 | |
1039 total
» units
| Peasant | 28 | |
| Acolyte | 3 | |
| Footman | 11 | |
| Ghoul | 15 | |
| Crypt Fiend | 4 | |
| Frost Wyrm | 3 | |
64 total
» upgrades
| Defend | 1 | |
| Swords | 2 | |
| Armor | 1 | |
| Masonry | 1 | |
| Lumber Harvesting | 1 | |
| Creature Attack | 2 | |
| Creature Carapace | 1 | |
| Freezing Breath | 1 | |
| Web | 1 | |
11 total
» buildings
| Altar of Darkness | 1 | |
| Ziggurat | 7 | |
| Altar of Kings | 1 | |
| Farm | 9 | |
| Barracks | 1 | |
| Crypt | 1 | |
| Tomb of Relics | 1 | |
| Halls of the Dead | 1 | |
| Keep | 1 | |
| Blacksmith | 1 | |
| Lumber Mill | 1 | |
| Nerubian Tower | 2 | |
| Graveyard | 1 | |
| Arcane Vault | 1 | |
| Spirit Tower | 2 | |
| Black Citadel | 1 | |
| Sacrificial Pit | 1 | |
| Castle | 1 | |
| Boneyard | 2 | |
| Town Hall | 1 | |
| Scout Tower | 9 | |
| Gryphon Aviary | 2 | |
| Guard Tower | 1 | |
49 total
» build order
00:25 Altar of Darkness
00:26 Ziggurat
00:30 Altar of Kings
00:35 Farm
00:36 Farm
00:44 Ziggurat
00:52 Barracks
01:09 Crypt
01:14 Tomb of Relics
01:45 Farm
01:50 Ziggurat
02:06 Farm
02:31 Ziggurat
03:02 Farm
03:45 Farm
03:53 Ziggurat
04:54 Halls of the Dead
05:00 Keep
05:03 Blacksmith
05:06 Lumber Mill
05:49 Nerubian Tower
05:53 Graveyard
06:27 Nerubian Tower
06:36 Arcane Vault
07:34 Spirit Tower
07:36 Spirit Tower
07:37 Black Citadel
07:40 Sacrificial Pit
07:42 Ziggurat
07:43 Ziggurat
07:47 Farm
07:47 Farm
07:48 Farm
08:44 Castle
10:00 Boneyard
10:01 Boneyard
10:25 Town Hall
10:28 Scout Tower
10:28 Scout Tower
10:29 Scout Tower
10:29 Scout Tower
13:30 Scout Tower
13:31 Scout Tower
13:32 Scout Tower
13:33 Scout Tower
13:34 Scout Tower
14:44 Gryphon Aviary
14:48 Gryphon Aviary
15:22 Guard Tower
» items
Riverdeadbank (
teal | 93 APM | 2468 actions | 26:36)
9 Archmage
3 Summon Water Elemental
3 Brilliance Aura
2 Blizzard
1 Mass Teleport
» actions
| Assign group hotkey | 116 | |
| Basic commands | 125 | |
| Build / train | 176 | |
| ESC pressed | 3 | |
| Enter build submenu | 95 | |
| Enter hero's abilities submenu | 10 | |
| Give item / drop item | 4 | |
| Right click | 763 | |
| Select / deselect | 283 | |
| Select group hotkey | 657 | |
| Use ability | 236 | |
2468 total
» units
| Peasant | 16 | |
| Footman | 4 | |
| Goblin Shredder | 4 | |
| Gryphon Rider | 4 | |
| Goblin Sapper | 7 | |
35 total
» upgrades
| Masonry | 3 | |
| Swords | 3 | |
| Armor | 3 | |
| Animal War Training | 1 | |
| Storm Hammers | 1 | |
| Cloud | 1 | |
12 total
» buildings
| Altar of Kings | 1 | |
| Barracks | 1 | |
| Farm | 6 | |
| Arcane Vault | 1 | |
| Town Hall | 5 | |
| Lumber Mill | 1 | |
| Keep | 4 | |
| Blacksmith | 1 | |
| Scout Tower | 69 | |
| Castle | 4 | |
| Gryphon Aviary | 4 | |
| Guard Tower | 66 | |
| Ancient Protector | 10 | |
| Spirit Tower | 5 | |
178 total
» build order
00:53 Altar of Kings
00:54 Barracks
00:56 Farm
01:05 Farm
01:29 Farm
02:06 Farm
02:15 Arcane Vault
02:35 Farm
04:01 Town Hall
04:23 Lumber Mill
05:06 Keep
05:06 Keep
05:06 Keep
05:42 Farm
06:41 Blacksmith
06:47 Scout Tower
06:48 Scout Tower
06:48 Scout Tower
06:49 Scout Tower
06:50 Scout Tower
06:58 Scout Tower
06:59 Scout Tower
07:31 Castle
07:31 Castle
07:31 Castle
08:45 Gryphon Aviary
08:46 Gryphon Aviary
08:47 Gryphon Aviary
08:48 Gryphon Aviary
10:13 Scout Tower
10:16 Scout Tower
10:17 Scout Tower
10:18 Scout Tower
10:54 Guard Tower
10:54 Guard Tower
10:54 Guard Tower
13:36 Town Hall
13:44 Scout Tower
13:46 Scout Tower
13:47 Scout Tower
13:48 Scout Tower
13:49 Scout Tower
13:53 Scout Tower
13:55 Scout Tower
13:56 Scout Tower
13:57 Scout Tower
13:58 Scout Tower
14:03 Scout Tower
14:03 Scout Tower
14:05 Scout Tower
14:05 Scout Tower
14:06 Scout Tower
14:11 Guard Tower
14:25 Guard Tower
14:25 Guard Tower
14:25 Guard Tower
14:25 Guard Tower
14:26 Guard Tower
14:26 Guard Tower
14:54 Guard Tower
15:37 Guard Tower
15:37 Guard Tower
15:37 Guard Tower
15:39 Guard Tower
15:48 Guard Tower
15:49 Guard Tower
15:49 Guard Tower
16:11 Scout Tower
16:12 Scout Tower
16:13 Scout Tower
16:13 Scout Tower
16:14 Scout Tower
16:55 Scout Tower
16:56 Scout Tower
16:56 Scout Tower
16:56 Scout Tower
16:57 Scout Tower
17:04 Guard Tower
17:04 Guard Tower
17:04 Guard Tower
17:08 Scout Tower
17:09 Scout Tower
17:09 Scout Tower
17:10 Scout Tower
17:12 Scout Tower
17:17 Scout Tower
17:17 Scout Tower
17:18 Scout Tower
17:19 Scout Tower
17:42 Guard Tower
17:42 Guard Tower
17:42 Guard Tower
17:50 Scout Tower
17:50 Scout Tower
17:51 Scout Tower
17:52 Scout Tower
17:56 Scout Tower
17:57 Scout Tower
17:59 Scout Tower
17:59 Scout Tower
18:23 Guard Tower
18:23 Guard Tower
18:23 Guard Tower
18:40 Guard Tower
18:40 Guard Tower
18:40 Guard Tower
18:50 Guard Tower
18:50 Guard Tower
18:50 Guard Tower
19:35 Guard Tower
19:35 Guard Tower
19:47 Ancient Protector
19:48 Ancient Protector
19:49 Ancient Protector
19:50 Ancient Protector
19:52 Ancient Protector
20:38 Ancient Protector
20:40 Ancient Protector
20:41 Ancient Protector
20:43 Ancient Protector
20:45 Ancient Protector
21:10 Town Hall
21:11 Scout Tower
21:11 Scout Tower
21:12 Scout Tower
21:12 Scout Tower
22:59 Guard Tower
22:59 Guard Tower
22:59 Guard Tower
23:01 Scout Tower
23:02 Scout Tower
23:02 Scout Tower
23:04 Scout Tower
23:09 Scout Tower
23:10 Scout Tower
23:33 Guard Tower
23:34 Guard Tower
24:05 Guard Tower
24:28 Town Hall
24:30 Scout Tower
24:31 Scout Tower
24:32 Scout Tower
24:33 Scout Tower
24:34 Scout Tower
24:41 Spirit Tower
24:41 Spirit Tower
24:41 Spirit Tower
24:50 Scout Tower
25:38 Guard Tower
25:38 Guard Tower
25:40 Town Hall
» items
| Staff of Teleportation | 2 | |
| Periapt of Vitality | 1 | |
| Boots of Speed | 1 | |
| Tome of Retraining | 1 | |
| Potion of Invisibility | 1 | |
| Scroll of Regeneration | 5 | |
| Lesser Clarity Potion | 1 | |
| Scroll of Town Portal | 4 | |
| Staff of Sanctuary | 1 | |
| Ivory Tower | 1 | |
| Mechanical Critter | 2 | |
| Orb of Venom | 1 | |
| Potion of Healing | 3 | |
24 total

»
poopskillet (
red | 57 APM | 986 actions | 17:14)
4 Warden
2 Fan of Knives
2 Blink
» actions
| Assign group hotkey | 19 | |
| Basic commands | 63 | |
| Build / train | 60 | |
| Enter build submenu | 27 | |
| Enter hero's abilities submenu | 4 | |
| Give item / drop item | 1 | |
| Remove unit from queue | 1 | |
| Right click | 239 | |
| Select / deselect | 230 | |
| Select group hotkey | 278 | |
| Use ability | 64 | |
986 total
» units
| Wisp | 23 | |
| Archer | 14 | |
| Druid of the Talon | 3 | |
| Giant Sea Turtle | 1 | |
| Hippogryph | 2 | |
43 total
» upgrades
| Moon Armor | 1 | |
| Strength of the Moon | 1 | |
| Improved Bows | 1 | |
| Strength of the Wild | 1 | |
4 total
» buildings
| Altar of Elders | 1 | |
| Moon Well | 5 | |
| Ancient of War | 2 | |
| Hunter's Hall | 1 | |
| Ancient Protector | 11 | |
| Ancient of Wonders | 1 | |
| Tree of Ages | 1 | |
| Tree of Eternity | 1 | |
| Ancient of Wind | 1 | |
| Chimaera Roost | 3 | |
| Tree of Life | 2 | |
29 total
» build order
00:04 Altar of Elders
00:06 Moon Well
01:19 Ancient of War
01:38 Moon Well
01:48 Ancient of War
02:40 Hunter's Hall
03:51 Moon Well
04:16 Ancient Protector
04:34 Ancient Protector
05:21 Ancient of Wonders
06:46 Tree of Ages
09:35 Tree of Eternity
10:39 Ancient of Wind
12:36 Chimaera Roost
12:39 Chimaera Roost
12:42 Tree of Life
12:56 Ancient Protector
12:58 Ancient Protector
13:01 Ancient Protector
13:21 Tree of Life
13:23 Ancient Protector
13:26 Ancient Protector
13:26 Ancient Protector
13:27 Ancient Protector
14:09 Ancient Protector
14:12 Ancient Protector
14:16 Chimaera Roost
15:07 Moon Well
15:08 Moon Well
» items
| Circlet of Nobility | 1 | |
| Potion of Healing | 2 | |
| Potion of Mana | 1 | |
| Orb of Venom | 1 | |
5 total
team 2 (loser)

»
Riceer (
green | 36 APM | 921 actions | 25:19)
5 Paladin
2 Holy Light
2 Divine Shield
1 Devotion Aura
4 Blood Mage
2 Flame Strike
2 Banish
» actions
| Basic commands | 1 | |
| Build / train | 107 | |
| Enter build submenu | 22 | |
| Enter hero's abilities submenu | 9 | |
| Give item / drop item | 3 | |
| Right click | 454 | |
| Select / deselect | 237 | |
| Use ability | 88 | |
921 total
» units
| Peasant | 36 | |
| Rifleman | 29 | |
| Giant Sea Turtle | 1 | |
| Makrura Snapper | 3 | |
| Gryphon Rider | 11 | |
80 total
» upgrades
| Lumber Harvesting | 1 | |
| Long Rifles | 1 | |
| Armor | 1 | |
| Swords | 1 | |
| Storm Hammers | 1 | |
5 total
» buildings
| Altar of Kings | 1 | |
| Farm | 7 | |
| Blacksmith | 1 | |
| Lumber Mill | 2 | |
| Barracks | 1 | |
| Scout Tower | 3 | |
| Keep | 1 | |
| Town Hall | 1 | |
| Arcane Tower | 3 | |
| Castle | 1 | |
| Gryphon Aviary | 2 | |
| Guard Tower | 1 | |
24 total
» build order
00:24 Altar of Kings
00:37 Farm
00:56 Blacksmith
01:07 Lumber Mill
01:16 Farm
02:15 Barracks
02:33 Scout Tower
02:43 Farm
03:24 Farm
03:42 Keep
04:56 Town Hall
06:21 Arcane Tower
06:21 Arcane Tower
06:29 Scout Tower
07:01 Farm
08:13 Castle
08:17 Farm
09:38 Farm
09:47 Gryphon Aviary
10:16 Arcane Tower
10:18 Scout Tower
10:40 Gryphon Aviary
12:58 Guard Tower
14:00 Lumber Mill
» items
| Scroll of Regeneration | 1 | |
| Potion of Healing | 2 | |
| Potion of Mana | 1 | |
| Scroll of Town Portal | 1 | |
5 total
SlickMick (
purple | 37 APM | 986 actions | 26:36)
6 Archmage
3 Summon Water Elemental
2 Brilliance Aura
1 Mass Teleport
» actions
| Assign group hotkey | 29 | |
| Basic commands | 28 | |
| Build / train | 68 | |
| Enter build submenu | 39 | |
| Enter hero's abilities submenu | 6 | |
| Give item / drop item | 13 | |
| Right click | 358 | |
| Select / deselect | 248 | |
| Select group hotkey | 114 | |
| Use ability | 83 | |
986 total
» units
| Peasant | 12 | |
| Footman | 4 | |
| Goblin Shredder | 2 | |
| Gryphon Rider | 5 | |
23 total
» upgrades
| Masonry | 3 | |
| Storm Hammers | 1 | |
| Swords | 3 | |
| Armor | 3 | |
| Animal War Training | 1 | |
| Cloud | 1 | |
| Lumber Harvesting | 1 | |
13 total
» buildings
| Altar of Kings | 1 | |
| Barracks | 1 | |
| Farm | 7 | |
| Arcane Vault | 1 | |
| Town Hall | 2 | |
| Keep | 1 | |
| Lumber Mill | 1 | |
| Scout Tower | 26 | |
| Guard Tower | 8 | |
| Castle | 1 | |
| Gryphon Aviary | 4 | |
| Blacksmith | 2 | |
55 total
» build order
00:44 Altar of Kings
00:45 Barracks
00:52 Farm
01:05 Farm
01:06 Farm
01:59 Farm
03:16 Arcane Vault
03:48 Town Hall
04:16 Keep
04:37 Lumber Mill
05:30 Farm
06:10 Scout Tower
06:11 Scout Tower
06:52 Town Hall
06:54 Scout Tower
06:55 Scout Tower
06:55 Scout Tower
06:56 Scout Tower
06:57 Scout Tower
06:57 Scout Tower
06:58 Scout Tower
06:58 Scout Tower
07:37 Guard Tower
07:40 Guard Tower
07:45 Scout Tower
07:45 Scout Tower
07:47 Scout Tower
07:47 Scout Tower
07:50 Scout Tower
07:51 Scout Tower
07:52 Scout Tower
09:41 Castle
09:43 Guard Tower
09:45 Guard Tower
10:18 Guard Tower
10:36 Gryphon Aviary
10:37 Gryphon Aviary
11:03 Farm
11:11 Gryphon Aviary
11:14 Gryphon Aviary
11:16 Guard Tower
11:32 Blacksmith
11:37 Blacksmith
12:59 Scout Tower
13:01 Scout Tower
13:06 Scout Tower
13:07 Scout Tower
13:09 Scout Tower
13:09 Scout Tower
13:17 Scout Tower
13:20 Scout Tower
13:21 Scout Tower
14:13 Guard Tower
14:47 Farm
18:46 Guard Tower
» items
| Periapt of Vitality | 4 | |
| Boots of Speed | 1 | |
| Scroll of Regeneration | 5 | |
| Scroll of Town Portal | 1 | |
| Potion of Healing | 1 | |
| Staff of Teleportation | 1 | |
| Book of the Dead | 1 | |
| Healing Salve | 1 | |
15 total
Y-RILEYCOOPER-Y (
pink | 65 APM | 1737 actions | 26:36)
4 Blademaster
2 Wind Walk
2 Critical Strike
3 Shadow Hunter
2 Hex
1 Healing Wave
3 Tauren Chieftain
1 War Stomp
2 Endurance Aura
» actions
| Assign group hotkey | 116 | |
| Basic commands | 16 | |
| Build / train | 72 | |
| Enter build submenu | 25 | |
| Enter hero's abilities submenu | 10 | |
| Give item / drop item | 8 | |
| Right click | 557 | |
| Select / deselect | 169 | |
| Select group hotkey | 659 | |
| Use ability | 105 | |
1737 total
» units
| Peon | 16 | |
| Goblin Shredder | 1 | |
| Wind Rider | 4 | |
21 total
» upgrades
| Envenomed Spears | 1 | |
| Reinforced Defenses | 1 | |
| Ranged Weapons | 3 | |
| Ensnare | 1 | |
| Armor | 3 | |
| War Drums Damage Increase | 1 | |
| Liquid Fire | 1 | |
| Pillage | 1 | |
| Backpack | 1 | |
| Shaman Training | 1 | |
| Witch Doctor Training | 1 | |
| Spirit Walker Training | 1 | |
16 total
» buildings
| Altar of Storms | 1 | |
| Orc Burrow | 7 | |
| Voodoo Lounge | 1 | |
| War Mill | 2 | |
| Stronghold | 1 | |
| Great Hall | 2 | |
| Beastiary | 4 | |
| Watch Tower | 19 | |
| Fortress | 2 | |
| Spirit Lodge | 1 | |
40 total
» build order
00:14 Altar of Storms
00:19 Orc Burrow
01:10 Voodoo Lounge
01:31 War Mill
02:18 Stronghold
03:26 Orc Burrow
03:46 Great Hall
04:01 Orc Burrow
05:49 Beastiary
05:50 Beastiary
06:44 Watch Tower
06:44 Watch Tower
07:20 Watch Tower
07:26 Watch Tower
07:29 Fortress
07:53 Watch Tower
07:54 Watch Tower
09:02 Watch Tower
09:02 Watch Tower
10:23 Watch Tower
10:23 Watch Tower
10:24 Watch Tower
11:37 Beastiary
12:13 Orc Burrow
12:17 Watch Tower
12:18 Watch Tower
12:18 Watch Tower
12:32 War Mill
13:16 Watch Tower
13:16 Watch Tower
13:17 Watch Tower
13:21 Orc Burrow
13:23 Orc Burrow
14:59 Spirit Lodge
17:59 Great Hall
18:53 Orc Burrow
20:04 Beastiary
» items
| Healing Salve | 6 | |
| Staff of Teleportation | 3 | |
| Orb of Lightning | 2 | |
| Potion of Mana | 2 | |
| Scroll of Town Portal | 1 | |
| Potion of Lesser Invulnerability | 1 | |
| Scroll of Healing | 1 | |
| Tiny Great Hall | 1 | |
| Claws of Attack +9 | 1 | |
18 total

»
chimeric (
orange | 57 APM | 1460 actions | 25:25)
5 Archmage
1 Summon Water Elemental
3 Brilliance Aura
1 Blizzard
4 Mountain King
2 Storm Bolt
2 Bash
» actions
| Assign group hotkey | 21 | |
| Build / train | 65 | |
| ESC pressed | 3 | |
| Enter build submenu | 23 | |
| Enter hero's abilities submenu | 9 | |
| Give item / drop item | 1 | |
| Right click | 742 | |
| Select / deselect | 246 | |
| Select group hotkey | 293 | |
| Use ability | 57 | |
1460 total
» units
| Peasant | 16 | |
| Rifleman | 9 | |
| Knight | 5 | |
| Priest | 1 | |
31 total
» upgrades
| Long Rifles | 1 | |
| Masonry | 3 | |
| Animal War Training | 1 | |
| Swords | 1 | |
| Plating | 1 | |
| Lumber Harvesting | 1 | |
| Priest Training | 1 | |
| Magic Sentry | 1 | |
| Gunpowder | 1 | |
11 total
» buildings
| Altar of Kings | 1 | |
| Farm | 9 | |
| Blacksmith | 1 | |
| Barracks | 2 | |
| Lumber Mill | 1 | |
| Keep | 1 | |
| Arcane Vault | 1 | |
| Town Hall | 1 | |
| Castle | 1 | |
| Scout Tower | 4 | |
| Guard Tower | 2 | |
| Arcane Sanctum | 1 | |
25 total
» build order
00:19 Altar of Kings
00:21 Farm
01:06 Blacksmith
01:26 Barracks
02:06 Barracks
02:12 Farm
02:32 Lumber Mill
03:20 Farm
04:14 Farm
04:57 Farm
05:51 Keep
06:01 Arcane Vault
06:56 Town Hall
07:48 Farm
11:17 Castle
11:33 Scout Tower
13:07 Scout Tower
14:27 Farm
14:29 Farm
17:47 Guard Tower
17:52 Scout Tower
18:00 Arcane Sanctum
18:51 Guard Tower
19:51 Farm
20:32 Scout Tower
» items
| Scroll of Regeneration | 2 | |
| Potion of Mana | 1 | |
| Scroll of Town Portal | 2 | |
| Lesser Clarity Potion | 1 | |
| Boots of Speed | 1 | |
| Orb of Fire | 1 | |
8 total
Chat log
(00:07 / All) Y-RILEYCOOPER-Y: stay
(00:33 / Allies) Y-RILEYCOOPER-Y: u get that bob
(00:35 / Allies) SlickMick: yeh
(00:36 / Allies) Y-RILEYCOOPER-Y: rod
(00:38 / Allies) Y-RILEYCOOPER-Y: i mean
(00:48 / Allies) SlickMick: bob you mean
(01:06 / All) Y-RILEYCOOPER-Y: fancy that,
(02:14 / All) Y-RILEYCOOPER-Y: FOOTBALL STARTS TOMORROW LADS COWBOYS DOLPHINS
(02:19 / All) Riceer: IM HYPED
(02:25 / All) Riceer: u watchin the nfl hall of fameÉ
(02:34 / All) Y-RILEYCOOPER-Y: naw i dun care for dat
(03:05 / All) Y-RILEYCOOPER-Y: i do respect that warren sapp tho
(03:09 / All) Y-RILEYCOOPER-Y: only 5 arrests in his career
(03:17 / All) Y-RILEYCOOPER-Y: a true role model
(03:28 / All) Riceer: agreed
(04:22 / Allies) Y-RILEYCOOPER-Y: come green
(04:24 / Allies) Y-RILEYCOOPER-Y: i want shredder
(05:11 / Allies) Riceer: É
(05:13 / Allies) Riceer: what r u doing
(05:19 / Allies) chimeric: no idea
(05:19 / Allies) Y-RILEYCOOPER-Y: who
(05:22 / Allies) chimeric: sorry
(05:29 / Allies) Riceer: green creeps
(05:30 / Allies) Riceer: lol
(06:05 / Allies) Y-RILEYCOOPER-Y: wood plz
(06:06 / Allies) Y-RILEYCOOPER-Y: or gold
(09:16 / All) SlickMick: orange almsot got me killed
(10:09 / Allies) chimeric: buy tp
(10:22 / Allies) Riceer: lumb
(10:23 / Allies) Riceer: plz
(11:43 / Allies) Riceer: FUCK
(11:45 / Allies) Riceer: HIT OR HELP ME
(11:46 / Allies) Riceer: WOW
(11:55 / All) Riverdeadbank: Green is pretty good at this game
(11:58 / Allies) SlickMick: it's one hero
(12:06 / Allies) Riceer: k
(12:08 / Allies) Riceer: fuck urself
(12:15 / Allies) SlickMick: what do you want me to do about it
(12:17 / All) Riverdeadbank: and my AM got away
(12:19 / Allies) Riceer: not helpin ne of u
(12:20 / Allies) SlickMick: you're on the bottom and I only have AM
(12:21 / All) Riverdeadbank: Took you long enough
(12:25 / Allies) chimeric: what happened?
(12:30 / Allies) Riceer: oj a scrub
(12:31 / Allies) Riceer: ass noob
(12:37 / Allies) Riceer: creeping
(12:39 / Allies) Riceer: like fuck
(12:41 / Allies) Riceer: hit or help me
(12:43 / Allies) Riceer: moron
(12:51 / Allies) chimeric: my bad
(12:58 / Allies) chimeric: lets do this
(13:46 / Allies) chimeric: realy
(13:54 / Allies) Y-RILEYCOOPER-Y: here
(14:04 / Allies) chimeric: it's cool
(14:07 / Allies) chimeric: i don't need
(15:09 / All) SlickMick: CHOO CHOO ALL ABOARD THE YELLOW RAPE TRAIN
(15:25 / All) Riverdeadbank: Wow green is so easy to rape
(15:30 / All) SlickMick: too late on thsoe towers
(15:35 / All) Riverdeadbank: one of the easiest players to in fact
(15:38 / Allies) chimeric: main
(16:44 / All) Riverdeadbank: No food must kill your army to make peasants lol
(17:01 / All) Riceer: idgaf
(17:03 / All) Riceer: FTW
(17:04 / All) Riceer: FTW
(17:04 / All) Riceer: FTW
(17:06 / All) chimeric: LOL
(17:11 / All) chimeric: GTFO
(17:15 / All) Riceer: u noob
(17:17 / All) Riceer: ass bitch
(17:19 / All) Riceer: lost the game
(17:21 / All) Riverdeadbank: LOL he thinks he won
(17:22 / All) Riceer: cuz u thought
(17:24 / All) Riceer: ur tough
(17:29 / All) chimeric: HARDEST FAIL
(17:29 / All) Riceer: i know**
(18:03 / Allies) Riceer: who wants gold
(18:07 / Allies) Y-RILEYCOOPER-Y: me
(18:14 / Allies) Riceer: plz
(18:16 / Allies) Riceer: beta this scrub
(18:21 / Allies) Y-RILEYCOOPER-Y: teal?
(18:24 / Allies) Y-RILEYCOOPER-Y: i know hes a douche
(18:25 / Allies) Riceer: hes a scrub
(19:15 / All) Riceer: LOL
(19:17 / All) Riceer: 5 griff
(19:19 / All) Riceer: LOOOOOOOOOOOOOOOOOOOOOOOOOOOOOOOL
(19:24 / All) Riceer: leave
(19:33 / All) Riverdeadbank: Why would I want to go over 50 food when I have mass towers?
(19:40 / All) Riceer: so does purp
(19:41 / All) Riceer: LOL
(19:53 / All) Riceer: 10,000
(19:56 / All) Riceer: gold for purp
(19:58 / All) Riceer: 3 expos
(19:59 / All) Riceer: leave
(21:29 / All) Riceer: fail
(22:05 / Allies) SlickMick: wow faggot pink no shop?
(22:44 / All) Riceer: :)
(22:45 / All) Riceer: cute
(23:05 / All) SlickMick: I thought this was orb of corruption for some reason
(23:18 / All) Y-RILEYCOOPER-Y: what?
(23:55 / All) Riverdeadbank: nice knight lol
(23:55 / All) Y-RILEYCOOPER-Y: pro
(23:56 / Allies) Riceer: mass
(23:57 / Allies) Riceer: towers
(23:57 / All) Y-RILEYCOOPER-Y: sappe rkill
(24:09 / Allies) Riceer: hit blue
(24:10 / Allies) Riceer: plz
(24:10 / All) Y-RILEYCOOPER-Y: asshole massting towers
(24:11 / Allies) Riceer: kill him
(24:36 / Allies) SlickMick: AFK
(24:37 / Allies) Riceer: purp
(24:39 / Allies) Riceer: wat u doing
(25:30 / All) Y-RILEYCOOPER-Y: wtf
(25:30 / All) SlickMick: lol
(25:32 / All) SlickMick: wtf
(25:37 / All) Y-RILEYCOOPER-Y: roomates?
(25:40 / All) SlickMick: I said "AFK"
(25:42 / All) Y-RILEYCOOPER-Y: oj was following green everywhere
(25:51 / All) SlickMick: green asked what I was doing at about the same time I said "AFK"
(25:55 / All) SlickMick: and camped in my base
(25:59 / All) SlickMick: then they left liek 20 seconds later
(26:06 / All) Riverdeadbank: lol
(26:07 / All) Y-RILEYCOOPER-Y: had to be roomates
(26:10 / All) Riverdeadbank: Which team gets the loss?
(26:11 / All) Riverdeadbank: I say yours
(26:18 / All) SlickMick: green bitched at orange tho
(26:31 / All) SlickMick: yeah since they were so cocky when they thought they had won